 Dungeon Crawl Stone Soup version 0.28.0-47-ge53b351184 (webtiles) character file.

Game seed: 3388500129916841836

79 H0rd4k the Magician (level 4, -2/24 HPs)
             Began as a Deep Elf Hedge Wizard on Apr 29, 2022.
             Slain by an adder (3 damage)
             ... on level 2 of the Dungeon.
             The game lasted 00:02:13 (2677 turns).

H0rd4k the Magician (Deep Elf Hedge Wizard)         Turns: 2677, Time: 00:02:14

Health: -2/24      AC:  2    Str:  7    XL:     4   Next: 16%
Magic:  0/14       EV: 12    Int: 21    God:
Gold:   78         SH:  0    Dex: 14    Spells: 6/15 levels left

rFire   . . .      SeeInvis .   a - +0 dagger
rCold   . . .      Faith    .   (no shield)
rNeg    . . .      Spirit   .   b - +0 robe
rPois   .          Reflect  .   c - +0 hat
rElec   .          Harm     .   (no cloak)
rCorr   .          Rampage  .   (no gloves)
Will    .....                   (no boots)
Stlth   ++........              (no amulet)
HPRegen 0.08/turn               (no ring)
MPRegen 0.14/turn               (no ring)

@: lethally poisoned (-2 -> -13)
A: no striking features
a: no special abilities


You were on level 2 of the Dungeon.
You visited 1 branch of the dungeon, and saw 2 of its levels.

You collected 78 gold pieces.

Inventory:

Hand Weapons
 a - a +0 dagger (weapon)
Armour
 b - a +0 robe (worn)
 c - a +0 hat (worn)
Scrolls
 e - a scroll of immolation {unknown}
 f - a scroll of identify {unknown}
 i - a scroll of fear {unknown}
Potions
 d - a potion of flight {unknown}
 g - a potion of brilliance {unknown}
 h - a potion of degeneration {unknown}


   Skills:
 + Level 2.7 Dodging
 - Level 2.4 Stealth
 + Level 6.0 Spellcasting
 + Level 2.1 Conjurations
 + Level 1.1 Summonings
 + Level 1.1 Translocations
 * Level 0.4 Fire Magic
 * Level 0.2 Air Magic
 * Level 1.0 Poison Magic


You had 6 spell levels left.
You knew the following spells:

 Your Spells              Type           Power      Damage    Failure   Level
a - Magic Dart            Conj           60%        1d6       4%          1
b - Blink                 Tloc           20%        N/A       10%         2
c - Conjure Flame         Conj/Fire      11%        6-21      17%         3
d - Mephitic Cloud        Conj/Pois/Air  11%        N/A       19%         3

Your spell library contained the following spells:

 Spells                   Type           Power      Damage    Failure   Level
 Slow                     Hex            24%        N/A       10%         1
 Call Imp                 Summ           10%        N/A       10%         2


Dungeon Overview and Level Annotations

Branches:
Dungeon (2/15)

Altars:


Message History

The adder poisons you!
The rat moves out of view.
The magic dart hits the adder.
The adder is severely wounded.
You feel sick. The adder barely misses you.
The magic dart hits the adder.
The adder is almost dead.
You feel sick. The adder bites you.
You are lethally poisoned!
The adder poisons you!
You are too injured to fight recklessly!
Unknown command.
You are too injured to fight recklessly!
You are too injured to fight recklessly!
Unknown command.
Saving game... please wait.
Welcome back, H0rd4k the Deep Elf Hedge Wizard.
Press ? for a list of commands and other information.
Cast which spell? (? or * to list)
Aiming: Magic Dart (safe; 4% risk of failure)
Press: ? - help, Shift-Dir - straight line, f - adder
Aim: an adder (almost dead, 100% to hit)
The magic dart hits the adder but does no damage.
The adder is almost dead.
* * * LOW HITPOINT WARNING * * *
You feel sick. The adder bites you but does no damage. The adder bites you.
* * * LOW HITPOINT WARNING * * *
You are more poisoned.
The adder poisons you!
Your magical contamination has completely faded away.
Casting: Magic Dart (safe; 4% risk of failure)
Confirm with . or Enter, or press ? or * to list all spells.
Aiming: Magic Dart (safe; 4% risk of failure)
Press: ? - help, Shift-Dir - straight line, f/p - adder
Aim: an adder (almost dead, 100% to hit)
The magic dart hits the adder but does no damage.
The adder is almost dead.
* * * LOW HITPOINT WARNING * * *
You feel very sick. The adder bites you.
You die...

#....#....)...#
#.##......###...
#.#.........### .
#.#...[.....## #
...#..######..#
...##..#....##.##
.# #...).$?..#..#
#.†Sr(# #..# #.@#
#..# #..# #).#
##.## ##.##
#..######..#
##........##
###....### ######


You could see an adder and a rat.

Vanquished Creatures
  An adder (D:2)
  A worm (D:2)
  4 dart slugs (D:1)
  5 endoplasms
  10 giant cockroaches
  3 goblins (D:1)
  2 hobgoblins
  5 jackals
  2 quokkas
  7 ball pythons
  3 bats
  3 frilled lizards
  4 kobolds
  3 rats
53 creatures vanquished.

Notes
Turn   | Place    | Note
-------+----------+-------------------------------------------
     0 | D:1      | H0rd4k the Deep Elf Hedge Wizard began the quest for the
                  | Orb.
     0 | D:1      | Reached XP level 1. HP: 10/10 MP: 7/7
   262 | D:1      | Reached skill level 5 in Spellcasting
   327 | D:1      | Reached XP level 2. HP: 5/15 MP: 2/10
  1150 | D:1      | Reached XP level 3. HP: 19/19 MP: 6/12
  1153 | D:1      | Learned a level 2 spell: Blink
  1157 | D:1      | Learned a level 3 spell: Conjure Flame
  1161 | D:1      | Learned a level 3 spell: Mephitic Cloud
  1635 | D:1      | Found a faded altar of an unknown god.
  2648 | D:2      | Reached skill level 6 in Spellcasting
  2648 | D:2      | Reached XP level 4. HP: 24/24 MP: 12/14
  2673 | D:2      | Reached skill level 1 in Poison Magic
  2677 | D:2      | HP: 1/24 [poisoned by an adder]
  2677 | D:2      | Slain by an adder

Illustrated notes

Levels and vault maps discovered:
D:1:      minmay_arrival_hallway, layout_basic,
          shapermc_ecumenical_altar_pompeii
D:2:      minmay_roachtagon, layout_rooms, basic_altar,
          minmay_randomly_rotated_circles

Skill      XL: |  1  2  3  4 |
---------------+-------------+-----
Spellcasting   | 5 6 |  6.0
Conjurations   | 2 |  2.1
Poison Magic   | 1 |  1.0
Dodging        | |  2.7
Stealth        | |  2.4
Summonings     | |  1.1
Translocations | |  1.1
Fire Magic     | |  0.4
Air Magic      | |  0.2

Action                   |  1- 3 |  4- 6 || total
-------------------------+-------+-------++-------
Melee: Dagger            |     3 |       ||     3
 Cast: Magic Dart        |   159 |    14 ||   173
Armor: Robe              |     4 |     1 ||     5
Dodge: Dodged            |    27 |     6 ||    33
